 Dungeon Crawl Stone Soup version 0.29.1-12-g30fa7ad0bf (webtiles) character file.

Game seed: 12307730392193321150

100 wingedge the Firebug (level 4, 0/33 HPs)
             Began as a Hill Orc Fire Elementalist on Jan 7, 2023.
             Was an Initiate of Ashenzari.
             Slain by a phantom (5 damage)
             ... on level 4 of the Dungeon.
             The game lasted 00:06:29 (3848 turns).

wingedge the Firebug (Hill Orc Fire Elementalist)   Turns: 3848, Time: 00:06:30

Health: 0/33       AC:  2    Str: 10    XL:     4   Next: 73%
Magic:  8/8        EV: 12    Int: 17    God:    Ashenzari [......]
Gold:   156        SH:  0    Dex: 11    Spells: 5/8 levels left

rFire   . . .      SeeInvis .   r - +2 dagger (drain)
rCold   . . .      Faith    .   (no shield)
rNeg    . . .      Spirit   .   a - +0 robe
rPois   .          Reflect  .   (no helmet)
rElec   .          Harm     .   (no cloak)
rCorr   .          Rampage  .   (no gloves)
Will    .....                   (no boots)
Stlth   ++........              (no amulet)
HPRegen 0.11/turn               (no ring)
MPRegen 0.11/turn               (no ring)

@: no status effects
A: no striking features
a: Renounce Religion


You were on level 4 of the Dungeon.
You worshipped Ashenzari.
Ashenzari was noncommittal.
You visited 2 branches of the dungeon, and saw 5 of its levels.

You collected 156 gold pieces.

Inventory:

Hand Weapons
 r - a +2 dagger of draining (weapon)
Missiles
 j - 3 poisoned darts (quivered)
Armour
 a - a +0 robe (worn)
Scrolls
 d - a scroll of brand weapon {unknown}
 e - 3 scrolls of noise {unknown}
 f - a scroll of butterflies {unknown}
 g - a scroll of magic mapping {unknown}
 h - 3 scrolls of identify {unknown}
 p - a scroll of blinking {unknown}
 q - a scroll of immolation {unknown}
Potions
 c - a potion of invisibility {unknown}
 i - 2 potions of lignification {unknown}
 k - a potion of heal wounds {unknown}
 l - a potion of flight {unknown}
 m - a potion of berserk rage {unknown}
 n - 5 potions of brilliance {unknown}
 o - 2 potions of curing {unknown}


   Skills:
 - Level 1.5 Dodging
 - Level 1.5 Stealth
 + Level 2.9 Spellcasting
 - Level 3.0 Conjurations
 - Level 3.2 Fire Magic


You had 5 spell levels left.
You knew the following spells:

 Your Spells              Type           Power      Damage    Failure   Level
a - Foxfire               Conj/Fire      52%        2x1d6     4%          1
b - Scorch                Fire           26%        2d6       7%          2

Your spell library contained the following spells:

 Spells                   Type           Power      Damage    Failure   Level
 Conjure Flame            Conj/Fire      13%        6-21      14%         3
 Apportation              Tloc           4%         N/A       19%         1
 Necrotise                Necr           8%         1d4       19%         1
 Summon Small Mammal      Summ           8%         N/A       19%         1
 Inner Flame              Hex/Fire       8%         N/A       26%         3
 Flame Wave               Conj/Fire      13%        2d6       43%         4


Dungeon Overview and Level Annotations

Branches:
Dungeon (4/15)             Temple (1/1) D:4

Altars:
Ashenzari
Cheibriados
Hepliaklqana
Okawaru
Qazlal
Ru
Trog
Uskayaw
Zin


Message History

The foxfire hits the adder.
The adder is lightly wounded.
The phantom closely misses you.
Unknown command.
Casting: Foxfire (safe; 4% risk of failure)
Confirm with . or Enter, or press ? or * to list all spells.
You conjure some foxfire!
The foxfire hits the phantom.
The phantom is moderately damaged.
The adder misses you. The phantom closely misses you.
Unknown command.
Unknown command.
Casting: Foxfire (safe; 4% risk of failure)
Confirm with . or Enter, or press ? or * to list all spells.
You conjure some foxfire!
The foxfire hits the phantom.
The phantom is heavily damaged.
The foxfire hits the adder.
The adder is moderately wounded.
The adder bites you. x2; The phantom hits you.
Unknown command.
Magic courses through your body.
The foxfire hits the adder but does no damage.
The adder is lightly wounded.
The foxfire hits the phantom.
The phantom is heavily damaged.
The adder bites you. The phantom closely misses you.
Casting: Foxfire (safe; 4% risk of failure)
Confirm with . or Enter, or press ? or * to list all spells.
You conjure some foxfire!
The adder bites you. The phantom hits you!
* * * LOW HITPOINT WARNING * * *
Your magical contamination has completely faded away.
Unknown command.
Unknown command.
Casting: Foxfire (safe; 4% risk of failure)
Confirm with . or Enter, or press ? or * to list all spells.
Okay, then.
Your foxfire dissipates!
The foxfire hits the phantom.
The phantom is severely damaged.
The phantom hits you.
You die...

...## #.......# #....
##)###### #.##.## #.##.##
#:##..####.#.#.## # ##.#
#.......###.#
#..##..###.####.#.#.##
#...S......###...#.##
##..##.######.WS....########
..####..# ##.@.^.........###
#.......# ##.#...######.#.##
#.##.##.# #.##### #...#.## #
#.##.# #.# #..###.#
#.##.##.# #+# #...#.##
#.......# ####.## ####.####
# #.# #.#.## ##. #.#
####....#### ###...#.###


You could see a phantom and an adder.

Vanquished Creatures
  3 gnolls (D:4)
  2 adders (D:3)
  2 dart slugs
  An orc (D:3)
  5 ball pythons
  5 bats
  4 endoplasms
  3 giant cockroaches
  6 goblins
  2 hobgoblins
  3 quokkas
  6 frilled lizards
  4 kobolds
  3 rats
49 creatures vanquished.

Vanquished Creatures (others)
  136 foxfires
136 creatures vanquished.

Grand Total: 185 creatures vanquished

Notes
Turn   | Place    | Note
-------+----------+-------------------------------------------
     0 | D:1      | wingedge the Hill Orc Fire Elementalist began the quest for
                  | the Orb.
     0 | D:1      | Reached XP level 1. HP: 14/14 MP: 3/3
   427 | D:1      | Reached XP level 2. HP: 20/20 MP: 1/4
  1210 | D:1      | Learned a level 2 spell: Scorch
  1447 | D:2      | Reached XP level 3. HP: 26/26 MP: 3/5
  2357 | D:3      | Reached XP level 4. HP: 31/33 MP: 4/7
  2415 | D:3      | Found a faded altar of an unknown god.
  2545 | D:3      | Found a hazy altar of Hepliaklqana.
  2904 | D:4      | Found a staircase to the Ecumenical Temple.
  2908 | Temple   | Entered the Ecumenical Temple
  3069 | Temple   | Became a worshipper of Ashenzari the Shackled
  3825 | D:4      | Noticed a phantom
  3848 | D:4      | Slain by a phantom

Illustrated notes

Levels and vault maps discovered:
D:1:      matt_arrival_refuge, layout_basic
D:2:      layout_loops_ring, columned_hall_lemuel
D:3:      layout_basic, mainiacjoe_overflow_surrounded_room,
          chequers_ecumenical_altar_island
D:4:      layout_loops_corners, nicolae_wu_jian_glorious_leap,
          serial_park_tiny_pond, minmay_close_crescents
Temple:   nicolae_temple_bog_church

Skill      XL: |  1  2  3 |
---------------+----------+-----
Conjurations   | 2 3 |  3.0
Spellcasting   | 2 |  2.9
Dodging        | |  1.5
Stealth        | |  1.5
Fire Magic     | |  3.2

Action                   |  1- 3 |  4- 6 || total
-------------------------+-------+-------++-------
Melee: Dagger            |    10 |     3 ||    13
       Unarmed           |     4 |       ||     4
       Short sword       |    12 |       ||    12
       Punch             |       |     1 ||     1
 Cast: Foxfire           |    53 |    34 ||    87
  Use: Potion            |       |     1 ||     1
 Stab: Sleeping          |     1 |       ||     1
Armor: Robe              |     8 |       ||     8
Dodge: Dodged            |    24 |    21 ||    45
